 Dungeon Crawl Stone Soup version 0.22.1-1-ga44c0e5 (webtiles) character file.

37 Velaskes the Vexing (level 3, 0/27 HPs)
             Began as a Formicid Arcane Marksman on Nov 1, 2018.
             Was a Follower of Nemelex Xobeh.
             Succumbed to an adder's poison
             ... on level 3 of the Dungeon.
             The game lasted 00:12:03 (1549 turns).

Velaskes the Vexing (Formicid Arcane Marksman)      Turns: 1549, Time: 00:12:04

Health: 0/27       AC:  2    Str: 14    XL:     3   Next: 62%
Magic:  4/4        EV: 12    Int: 12    God:    Nemelex Xobeh [*.....]
Gold:   96         SH:  0    Dex: 12    Spells: 3/4 levels left

rFire    . . .     SeeInvis +   a - +0 hand crossbow
rCold    . . .     Gourm    .   (no shield)
rNeg     . . .     Faith    .   e - +0 robe
rPois    .         Spirit   .   (helmet unavailable)
rElec    .         Reflect  .   (no cloak)
rCorr    .         Harm     .   (no gloves)
MR       .....                  (no boots)
Stlth    +.........             (no amulet)
HPRegen  0.09/turn              (no ring)
MPRegen  0.09/turn              (no ring)

@: lethally poisoned (0 -> -6)
A: permanent stasis, dig shafts and tunnels, four strong arms, antennae 3
a: Dig, Shaft Self, Renounce Religion


You were on level 3 of the Dungeon.
You worshipped Nemelex Xobeh.
Nemelex Xobeh was aware of your devotion.
You were not hungry.

You visited 1 branch of the dungeon, and saw 3 of its levels.

You collected 96 gold pieces.

Inventory:

Hand Weapons
 a - a +0 hand crossbow (weapon)
 c - a +0 hunting sling
 h - a +0 club
 i - a +0 whip
 j - a +0 short sword
Missiles
 d - 20 bolts (quivered)
 g - 97 stones
 n - 7 poisoned needles
 p - 16 arrows
Armour
 e - a +0 robe (worn)
 r - a +0 leather armour
Scrolls
 k - a scroll of enchant weapon {unknown}
 m - 2 scrolls of fear {unknown}
 s - 2 scrolls of fog {unknown}
Potions
 b - a potion of mutation {unknown}
 l - a potion of curing {unknown}
 o - a potion of haste {unknown}
 t - a potion of agility {unknown}
Miscellaneous
 q - a plain deck of summoning {drawn: 1}
Comestibles
 f - 3 rations


   Skills:
 + Level 1.7 Fighting
 + Level 2.5 Crossbows
 + Level 1.8 Dodging
 + Level 1.2 Spellcasting
 + Level 4.4 Hexes


You had 3 spell levels left.
You knew the following spells:

 Your Spells              Type           Power        Failure   Level  Hunger
a - Corona                Hex            ##.....      4%          1    ##.....

Your spell library contained the following spells:

 Spells                   Type           Power        Failure   Level  Hunger
 Slow                     Hex            ##......     7%          2    ###....
 Inner Flame              Hex/Fire       #.......     34%         3    ####...
 Portal Projectile        Hex/Tloc       #.....       34%         3    ####...
 Cause Fear               Hex            ##........   43%         4    #####..
 Leda's Liquefaction      Hex/Erth       #.........   75%         4    #####..


Dungeon Overview and Level Annotations

Branches:
Dungeon (3/15)

Altars:
Nemelex Xobeh


Innate Abilities, Weirdness & Mutations

You cannot be hasted, slowed, berserked, paralysed or teleported.
You can dig through walls and to a lower floor.
Your four strong arms can wield two-handed weapons with a shield.
You have a pair of large antennae on your head. (SInv)


Message History

The adder bites you.
* * * LOW HITPOINT WARNING * * *
Firing (i - inventory. (/) - cycle)
d - 22 bolts (quivered)
Press: ? - help, Shift-Dir - straight line, f/p - adder
Aim: an adder (almost dead)
You shoot a bolt.
The bolt hits the adder but does no damage.
The adder is almost dead.
The adder bites you.
* * * LOW HITPOINT WARNING * * *
You are more poisoned.
The adder poisons you! The adder barely misses you.
Firing (i - inventory. (/) - cycle)
d - 21 bolts (quivered)
Press: ? - help, Shift-Dir - straight line, f/p - adder
Aim: an adder (almost dead)
You shoot a bolt. The bolt barely misses the adder.
The bolt hits the hobgoblin.
The hobgoblin is heavily wounded.
You die...
Your body disappears without a glow.

........ ......#
......# #.....#
#.....# #.(...#
####.....##..
#....@.......
..##...S.#####..
.......<.#
.....(.........
...............
...g...........
#..............
#(.............
..............#


You could see an adder and a hobgoblin.

Vanquished Creatures
  An ooze (D:1)
  2 dart slugs (D:1)
  3 goblins (D:1)
  4 hobgoblins
  4 kobolds
  2 bats (D:1)
  3 frilled lizards
  2 rats
21 creatures vanquished.

Vanquished Creatures (collateral kills)
  An adder (D:2)
  A hobgoblin (D:2)
  A quokka (D:2)
  A bat (D:2)
  2 rats (D:2)
6 creatures vanquished.

Grand Total: 27 creatures vanquished

Notes
Turn   | Place    | Note
-------+----------+-------------------------------------------
     0 | D:1      | Velaskes the Formicid Arcane Marksman began the quest for
                  | the Orb.
     0 | D:1      | Reached XP level 1. HP: 15/15 MP: 2/2
    35 | D:1      | Reached skill level 4 in Hexes
   218 | D:1      | Reached XP level 2. HP: 21/21 MP: 3/3
   602 | D:1      | Reached XP level 3. HP: 26/26 MP: 4/4
   908 | D:2      | Found a sparkling altar of Nemelex Xobeh.
   950 | D:2      | Became a worshipper of Nemelex Xobeh the Trickster
  1029 | D:2      | Received a gift from Nemelex Xobeh
  1132 | D:2      | Reached * piety under Nemelex Xobeh
  1548 | D:3      | HP: 1/27 [adder (2)]
  1549 | D:3      | Succumbed to an adder's poison

Skill      XL: |  1 |
---------------+----+-----
Hexes          | 4 |  4.4
Fighting       | |  1.7
Crossbows      | |  2.5
Dodging        | |  1.8
Spellcasting   | |  1.2

Action                   || total
-------------------------++-------
 Fire: Hand crossbow     ||    63
 Cast: Corona            ||     2
Evoke: Deck              ||     1
  Eat: Ration            ||     1
Armor: Robe              ||     3
Dodge: Dodged            ||    16
